 Dungeon Crawl Stone Soup version 0.23.0-3-gf3c87f2 (webtiles) character file.

Game seed: 3395748711676288150

25 Scud the Caller (level 3, -6/19 HPs)
             Began as a Tengu Summoner on Feb 23, 2019.
             Mangled by a worm (7 damage)
             ... on level 2 of the Dungeon.
             The game lasted 00:03:38 (1266 turns).

Scud the Caller (Tengu Summoner)                    Turns: 1266, Time: 00:03:39

Health: -6/19      AC:  2    Str:  8    XL:     3   Next: 4%
Magic:  5/7        EV: 12    Int: 16    God:
Gold:   109        SH:  0    Dex: 14    Spells: 3/6 levels left

rFire    . . .     SeeInvis .   (no weapon)
rCold    . . .     Gourm    .   (no shield)
rNeg     . . .     Faith    .   a - +0 robe
rPois    .         Spirit   .   (helmet restricted)
rElec    .         Reflect  .   (no cloak)
rCorr    .         Harm     .   (no gloves)
MR       .....                  (boots unavailable)
Stlth    ++........             b - amulet of magic regeneration
HPRegen  0.06/turn              (no ring)
MPRegen  0.35/turn              (no ring)

@: no status effects
A: beak, talons 3
a: no special abilities


You were on level 2 of the Dungeon.
You were hungry.

You visited 1 branch of the dungeon, and saw 2 of its levels.

You collected 109 gold pieces.

Inventory:

Armour
 a - a +0 robe (worn)
Jewellery
 b - an amulet of magic regeneration (around neck)
Scrolls
 d - 3 scrolls of identify {unknown}
 h - a scroll of fear {unknown}
 i - a scroll of teleportation {unknown}
 k - a scroll of remove curse {unknown}
 l - a scroll of immolation {unknown}
Potions
 e - a potion of mutation {unknown}
 f - 2 potions of invisibility {unknown}
 g - 2 potions of haste {unknown}
 j - a potion of resistance {unknown}
Comestibles
 c - 2 rations
 m - a chunk of flesh


   Skills:
 + Level 0.2 Fighting
 + Level 2.2 Dodging
 + Level 2.1 Stealth
 + Level 0.4 Unarmed Combat
 + Level 2.0 Spellcasting
 * Level 5.6 Summonings


You had 3 spell levels left.
You knew the following spells:

 Your Spells              Type           Power        Failure   Level  Hunger
a - Summon Small Mammal   Summ           ###.         1%          1    #......
b - Call Imp              Summ           ###.....     3%          2    ###....

Your spell library contained the following spells:

 Spells                   Type           Power        Failure   Level  Hunger
 Call Canine Familiar     Summ           ###.....     6%          3    ###....
 Summon Guardian Golem    Hex/Summ       ##......     19%         3    ###....
 Summon Ice Beast         Ice/Summ       ##......     54%         4    #####..
 Summon Lightning Spire   Summ/Air       ##......     54%         4    #####..


Dungeon Overview and Level Annotations

Branches:
Dungeon (2/15)

Altars:


Innate Abilities, Weirdness & Mutations

You have a beak for a mouth.
You have claws for feet.


Message History

You hit the worm but do no damage.
The worm is moderately wounded.
You hit the worm. You peck the worm.
The worm is heavily wounded.
The worm closely misses you.
You hit the worm.
The worm is heavily wounded.
You barely miss the worm. You claw the worm.
The worm is severely wounded.
You are feeling hungry.
The worm barely misses you.
You hit the worm. You claw the worm. You peck the worm.
The worm is almost dead.
The worm bites you!
* * * LOW HITPOINT WARNING * * *
Casting: Call Imp (safe; 3% risk of failure)
Confirm with . or Enter, or press ? or * to list all spells.
A beastly little devil appears in a puff of flame.
The worm bites you!
You die...

### ### #.# #.#
#.######.#
#........#####
#..รท.........#
###.######.#.###
#...# . #.#.#
#.#.#.##.#.#.#
#@#.#.##.#.#.#
#w#....#.#...#
#.5......#...#
###.#.%#.#...# #
.....#.#.#.# .
#.....#.#.#.#####
#.###.#>.........
#.## .#.#.#######
#.#...#.#########


You could see a worm and a friendly crimson imp.

Vanquished Creatures
  A dart slug (D:1)
  A leopard gecko (D:1)
  4 goblins
  A hobgoblin (D:2)
  4 bats (D:1)
  2 frilled lizards (D:1)
  2 kobolds (D:1)
  5 rats
20 creatures vanquished.

Vanquished Creatures (collateral kills)
  2 ball pythons
  A rat (D:1)
3 creatures vanquished.

Grand Total: 23 creatures vanquished

Notes
Turn   | Place    | Note
-------+----------+-------------------------------------------
     0 | D:1      | Scud the Tengu Summoner began the quest for the Orb.
     0 | D:1      | Reached XP level 1. HP: 10/10 MP: 4/4
   156 | D:1      | Reached skill level 5 in Summonings
   185 | D:1      | Reached XP level 2. HP: 14/15 MP: 6/6
   536 | D:1      | Learned a level 2 spell: Call Imp
  1166 | D:2      | Reached XP level 3. HP: 19/19 MP: 7/7
  1266 | D:2      | Mangled by a worm

Skill      XL: |  1 |
---------------+----+-----
Summonings     | 5 |  5.6
Fighting       | |  0.2
Dodging        | |  2.2
Stealth        | |  2.1
Unarmed Combat | |  0.4
Spellcasting   | |  2.0

Action                   || total
-------------------------++-------
Melee: Unarmed           ||    68
       Kick              ||    19
       Peck              ||     8
 Cast: Summon Small Mamm ||     6
       Call Imp          ||     5
 Stab: Sleeping          ||     3
       Distracted        ||     1
  Eat: Chunk             ||     1
Armor: Robe              ||    14
Dodge: Dodged            ||    38
